 Dungeon Crawl Stone Soup version 0.28-a0-46-g7b1be97da7 (webtiles) character file.

Game seed: 3829865931505248339

68 MirrMurr the Thrower (level 4, -7/38 HPs)
             Began as a Gnoll Hunter on July 29, 2021.
             Killed by divine providence
             ... invoked by an orc priest
              (12 damage)
             ... on level 2 of the Dungeon.
             The game lasted 00:02:45 (1711 turns).

MirrMurr the Thrower (Gnoll Hunter)                 Turns: 1711, Time: 00:02:46

Health: -7/38      AC:  3    Str: 11    XL:     4   Next: 19%
Magic:  5/5        EV: 13    Int: 12    God:
Gold:   25         SH:  0    Dex: 12    Spells: 5/5 levels left

rFire   . . .      SeeInvis .   a - +1 whip (venom)
rCold   . . .      Faith    .   (no shield)
rNeg    . . .      Spirit   .   b - +0 leather armour
rPois   +          Reflect  .   (no helmet)
rElec   .          Harm     .   (no cloak)
rCorr   .          Rampage  .   (no gloves)
Will    .....                   (no boots)
Stlth   +.........              (no amulet)
HPRegen 0.12/turn               i - ring of poison resistance
MPRegen 0.09/turn               (no ring)

@: confused
A: fangs 1, strong nose, distributed training
a: no special abilities


You were on level 2 of the Dungeon.
You visited 1 branch of the dungeon, and saw 2 of its levels.

You collected 25 gold pieces.

Inventory:

Hand Weapons
 a - a +1 whip of venom (weapon)
 h - a +0 hunting sling
 w - a +0 short sword
Missiles
 c - 6 javelins
 d - 2 throwing nets
 k - 46 stones (quivered)
Armour
 b - a +0 leather armour (worn)
Jewellery
 i - a ring of poison resistance (left hand)
Scrolls
 f - 3 scrolls of identify {unknown}
 g - a scroll of teleportation {unknown}
 l - a scroll of amnesia {unknown}
Potions
 e - a potion of haste {unknown}
 j - 2 potions of curing {unknown}


   Skills:
 + Level 4.6 Fighting
 + Level 1.0 Short Blades
 + Level 1.0 Long Blades
 + Level 1.0 Axes
 + Level 1.0 Maces & Flails
 + Level 1.0 Polearms
 + Level 1.0 Staves
 + Level 1.0 Slings
 + Level 1.0 Bows
 + Level 1.0 Crossbows
 + Level 8.5 Throwing
 + Level 1.0 Armour
 + Level 4.6 Dodging
 + Level 2.5 Stealth
 + Level 1.0 Shields
 + Level 1.0 Unarmed Combat
 + Level 1.0 Spellcasting
 + Level 0.8 Conjurations
 + Level 0.8 Hexes
 + Level 0.8 Summonings
 + Level 0.8 Necromancy
 + Level 0.8 Translocations
 + Level 0.8 Transmutations
 + Level 0.8 Fire Magic
 + Level 0.8 Ice Magic
 + Level 0.8 Air Magic
 + Level 0.8 Earth Magic
 + Level 0.8 Poison Magic
 + Level 1.1 Invocations
 + Level 1.0 Evocations


You had 5 spell levels left.
You didn't know any spells.
Your spell library was empty.

Dungeon Overview and Level Annotations

Branches:
Dungeon (2/15)

Altars:


Innate Abilities, Weirdness & Mutations

You have very sharp teeth.
Your uncanny sense of smell can sniff out nearby items.
Your experience applies equally to all skills.


Message History

You hear some strange, mumbled words.
Something tries to affect you, but you resist.
You bump into the rock wall.
A magic dart appears from out of thin air!
The magic dart hits you.
You're too confused to move!
You barely miss something.
The orc priest begins to cast a cantrip, but forgets the words!
Something completely misses you.
You barely miss something. You bite something. Something hits you.
You closely miss something. Something hits you.
You bump into the rock wall.
Something hits you.
You're too confused to move!
Something hits you but does no damage.
You bump into the rock wall.
Something hits you.
You closely miss something. Something barely misses you.
You bump into the rock wall.
You feel less confused.
You hear some strange, mumbled words.
You are confused.
You hit something but do no damage. Something hits you.
You bump into the rock wall.
Something hits you.
You bump into the rock wall.
Something hits you.
You bump into the rock wall.
You hear some strange, mumbled words.
You are more confused.
You bump into the rock wall.
You hear some strange, mumbled words.
You are more confused.
You closely miss something. Something hits you.
* * * LOW HITPOINT WARNING * * *
You completely miss something. Something hits you but does no damage.
You closely miss something. Something hits you.
* * * LOW HITPOINT WARNING * * *
You miss something. Something hits you.
* * * LOW HITPOINT WARNING * * *
You bump into the rock wall.
Something hits you.
* * * LOW HITPOINT WARNING * * *
The orc priest invokes the aid of Beogh against you.
Beogh smites you!
You die...

# # #+# #+# # #.# #.# # #.#
#.# # #.# #.# # #.# #.# # .
#.# #.# # .. #@# #.######## #
... #{# #........# # ..o. #o#
###.#.##.#### .....####
#o######.#.#......
....o...####(##.....#.#......
..((....oo..'##.....#......##
........o...........###.##.#
.....##.....(....##.# #.##.#
#... ##.........##.# #.<#.#


You could see an orc priest and an orc.

Vanquished Creatures
  Natasha (D:2)
  2 orcs (D:2)
  2 endoplasms (D:1)
  2 giant cockroaches (D:1)
  2 goblins
  4 hobgoblins
  2 jackals (D:1)
  4 quokkas
  4 ball pythons (D:1)
  4 bats
  2 frilled lizards
  7 kobolds
  3 rats
39 creatures vanquished.

Notes
Turn   | Place    | Note
-------+----------+-------------------------------------------
     0 | D:1      | MirrMurr the Gnoll Hunter began the quest for the Orb.
     0 | D:1      | Reached XP level 1. HP: 20/20 MP: 1/1
   186 | D:1      | Reached XP level 2. HP: 9/26 MP: 2/2
   911 | D:1      | Reached XP level 3. HP: 31/31 MP: 3/3
   941 | D:1      | You fall into a shaft and drop 1 floor!
   941 | D:2      | Noticed Natasha
   966 | D:2      | Killed Natasha
   967 | D:2      | Reached skill level 1 in Short Blades
   967 | D:2      | Reached skill level 1 in Long Blades
   967 | D:2      | Reached skill level 1 in Axes
   967 | D:2      | Reached skill level 1 in Maces & Flails
   967 | D:2      | Reached skill level 1 in Polearms
   967 | D:2      | Reached skill level 1 in Staves
   967 | D:2      | Reached skill level 1 in Slings
   967 | D:2      | Reached skill level 1 in Bows
   967 | D:2      | Reached skill level 1 in Crossbows
   967 | D:2      | Reached skill level 1 in Armour
   967 | D:2      | Reached skill level 1 in Shields
   967 | D:2      | Reached skill level 1 in Unarmed Combat
   967 | D:2      | Reached skill level 1 in Spellcasting
   967 | D:2      | Reached skill level 1 in Invocations
   967 | D:2      | Reached skill level 1 in Evocations
  1289 | D:1      | Reached XP level 4. HP: 38/38 MP: 5/5
  1711 | D:2      | Killed from afar by an orc priest

Illustrated notes

Levels and vault maps discovered:
D:1:      scummos_arrival_simple_fountains, layout_rooms
D:2:      layout_basic, hangedman_decor_growths, uniq_jessica, uniq_natasha

Skill      XL: |  1  2  3 |
---------------+----------+-----
Short Blades   | 1 |  1.0
Long Blades    | 1 |  1.0
Axes           | 1 |  1.0
Maces & Flails | 1 |  1.0
Polearms       | 1 |  1.0
Staves         | 1 |  1.0
Slings         | 1 |  1.0
Bows           | 1 |  1.0
Crossbows      | 1 |  1.0
Armour         | 1 |  1.0
Shields        | 1 |  1.0
Unarmed Combat | 1 |  1.0
Spellcasting   | 1 |  1.0
Invocations    | 1 |  1.1
Evocations     | 1 |  1.0
Fighting       | |  4.6
Throwing       | |  8.5
Dodging        | |  4.6
Stealth        | |  2.5
Conjurations   | |  0.8
Hexes          | |  0.8
Summonings     | |  0.8
Necromancy     | |  0.8
Translocations | |  0.8
Transmutations | |  0.8
Fire Magic     | |  0.8
Ice Magic      | |  0.8
Air Magic      | |  0.8
Earth Magic    | |  0.8
Poison Magic   | |  0.8

Action                   |  1- 3 |  4- 6 || total
-------------------------+-------+-------++-------
Melee: Short sword       |    98 |     4 ||   102
       Bite              |     8 |     1 ||     9
       Whip              |       |    20 ||    20
Throw: Stone             |     5 |    15 ||    20
       Javelin           |     5 |       ||     5
 Stab: Sleeping          |     2 |       ||     2
Armor: Leather armour    |    37 |     3 ||    40
Dodge: Dodged            |   112 |    11 ||   123

Table legend: (Time is in decaauts)
 A = Elapsed time spent in this place.
 B = Non-inter-level travel time spent in this place.
 C = Inter-level travel time spent in this place.
 D = Time resting spent in this place.
 E = Time spent auto-exploring this place.
 F = Levels seen in this place.
 G = Mean time per level.
                   A        B        C        D        E       F      G
               +--------+--------+--------+--------+--------+-----+--------+
         Total |   1714 |   1670 |     44 |    199 |   1128 |   2 |  857.0 |
       Dungeon |   1714 |   1670 |     44 |    199 |   1128 |   2 |  857.0 |
               +--------+--------+--------+--------+--------+-----+--------+

Top non-repeatable levels by time:
     D:1: 1236 daAuts
     D:2: 477 daAuts
